 Dungeon Crawl Stone Soup version 0.27.1-2-g3b301248ec (webtiles) character file.

Game seed: 11672989475874186078

6 vvl the Ruffian (level 1, -1/18 HPs)
             Began as a Naga Transmuter on Sept 29, 2021.
             Slain by a hobgoblin (4 damage)
             ... on level 1 of the Dungeon.
             The game lasted 00:01:31 (284 turns).

vvl the Ruffian (Naga Transmuter)                    Turns: 284, Time: 00:01:33

Health: -1/18      AC:  1    Str: 12    XL:     1   Next: 90%
Magic:  3/3        EV:  9    Int: 13    God:
Gold:   10         SH:  0    Dex: 11    Spells: 3/4 levels left

rFire    . . .     SeeInvis +     - Unarmed
rCold    . . .     Faith    .   (no shield)
rNeg     . . .     Spirit   .   a - +0 robe
rPois    +         Reflect  .   (no helmet)
rElec    .         Harm     .   (no cloak)
rCorr    .         Rampage  .   (no gloves)
Will     .....                  (no barding)
Stlth    +.........             (no amulet)
HPRegen  0.06/turn              (no ring)
MPRegen  0.08/turn              (no ring)

@: short of breath, very slow
A: AC +0, large, see invisible, deformed body, poison resistance, slowness 2,
spit poison 1, naga tail 1
a: Spit Poison


You were on level 1 of the Dungeon.
You visited 1 branch of the dungeon, and saw 1 of its levels.

You collected 10 gold pieces.

Inventory:

Armour
 a - a +0 robe (worn)


   Skills:
 + Level 1.0 Fighting
 + Level 1.5 Dodging
 * Level 3.4 Unarmed Combat
 + Level 2.0 Spellcasting
 * Level 2.0 Transmutations
 + Level 0.0 Poison Magic


You had 3 spell levels left.
You knew the following spells:

 Your Spells              Type           Power      Damage    Failure   Level
a - Beastly Appendage     Tmut           12%        N/A       11%         1

Your spell library contained the following spells:

 Spells                   Type           Power      Damage    Failure   Level
 Wereblood                Tmut           6%         N/A       17%         2
 Spider Form              Tmut/Pois      1%         N/A       45%         3
 Ignite Poison            Fire/Tmut/Pois 3%         N/A       52%         3
 Conjure Flame            Conj/Fire      1%         6-21      58%         3
 Ice Form                 Ice/Tmut       3%         N/A       86%         4
 Sticky Flame             Conj/Fire      1%         2d3       94%         4


Dungeon Overview and Level Annotations

Branches:
Dungeon (1/15)

Altars:


Innate Abilities, Weirdness & Mutations

Your serpentine skin is tough. (AC +0)
You have supernaturally acute eyesight. (SInv)
Armour fits poorly on your strangely shaped body.
Your system is resistant to poisons. (rPois)
You cover ground very slowly.
You can spit poison.
You have a snake-like lower body.


Message History

A frilled lizard comes into view.
You grow a pair of large bovine horns.
The frilled lizard hisses angrily.
A hobgoblin comes into view.
Your transformation is almost over.
The hobgoblin shouts!
You barely miss the frilled lizard. The frilled lizard barely misses you.
You miss the frilled lizard. The frilled lizard closely misses you.
You miss the frilled lizard.
Your headbutt misses the frilled lizard.
The frilled lizard bites you.
You miss the frilled lizard. The frilled lizard bites you.
The hobgoblin hits you.
You closely miss the frilled lizard. The frilled lizard barely misses you.
The hobgoblin hits you.
You are too injured to fight recklessly!
You are too injured to fight recklessly!
You are too injured to fight recklessly!
You are too injured to fight recklessly!
You are too injured to fight recklessly!
You are too injured to fight recklessly!
You hit the hobgoblin. Your headbutt misses the hobgoblin.
The hobgoblin is heavily wounded.
Your horns disappear.
The hobgoblin closely misses you.
You barely miss the hobgoblin.
The hobgoblin is heavily wounded.
The hobgoblin hits you.
* * * LOW HITPOINT WARNING * * *
You barely miss the hobgoblin.
The hobgoblin is heavily wounded.
The hobgoblin hits you.
* * * LOW HITPOINT WARNING * * *
Press: ? - help, Shift-Dir - straight line, f - hobgoblin
Aim: a hobgoblin (heavily wounded)
The splash of poison misses the hobgoblin.
The splash of poison hits the frilled lizard.
You kill the frilled lizard!
The hobgoblin hits you.
You die...

..... ......# .... .......
... ..^.... .. .......
#.#......# #........# ##.
#....# ####..
#g#..###....####
#######@##..##.##....#
###.......##..##.##....#
#......................#
#..##.....>......##....###
#####.....†...............
#..).............####.
#................# #.
#.........###..)†# #.
#.....###..##....# #.


You could see a hobgoblin.

Vanquished Creatures
  A giant cockroach (D:1)
  A hobgoblin (D:1)
  2 ball pythons (D:1)
  A bat (D:1)
  A frilled lizard (D:1)
  A kobold (D:1)
7 creatures vanquished.

Notes
Turn   | Place    | Note
-------+----------+-------------------------------------------
     0 | D:1      | vvl the Naga Transmuter began the quest for the Orb.
     0 | D:1      | Reached XP level 1. HP: 18/18 MP: 3/3
   284 | D:1      | Slain by a hobgoblin

Illustrated notes

Levels and vault maps discovered:
D:1:      wander_arrival_desolate, layout_rooms

Action                   || total
-------------------------++-------
Melee: Unarmed           ||    30
       Headbutt          ||     3
 Cast: Beastly Appendage ||     4
 Abil: Spit Poison       ||     1
Armor: Robe              ||    13
Dodge: Dodged            ||    19
